 Dungeon Crawl Stone Soup version 0.17-a0-1020-ge683cc4 (console) character file.

123 Monkaria the Slasher (level 4, -11/37 HPs)
             Began as a Demonspawn Chaos Knight on May 14, 2015.
             Mangled by Crazy Yiuf
             ... wielding a +4 quarterstaff of chaos
              (18 damage)
             ... on level 3 of the Dungeon.
             The game lasted 00:03:43 (2015 turns).

Monkaria the Slasher (Demonspawn Chaos Knight)      Turns: 2015, Time: 00:03:44

Health: -11/37     AC: 12    Str: 14    XL:     4   Next: 80%
Magic:  4/4        EV: 11    Int: 13    God:    Xom [..*...]
Gold:   142        SH:  0    Dex: 12    Spells: 0 memorised, 3 levels left

rFire  . . .     SeeInvis .     x - +0 scimitar
rCold  + . .     Clarity  .     b - +2 leather armour
rNeg   . . .     SustAb   .     (no shield)
rPois  .         Gourm    .     (no helmet)
rElec  .         Spirit   .     (no cloak)
rCorr  .         Warding  .     q - +0 pair of gloves
rMut   .         Stasis   .     (no boots)
MR     .....                    (no amulet)
Stlth  +.........               (no ring)
                                y - ring of protection from cold

@: slowed, very slow, not resistant to hostile enchantments, very unstealthy
A: iridescent scales 2, spiny 1
a: Renounce Religion


You were on level 3 of the Dungeon.
You worshipped Xom.
You were a toy of Xom.
You were hungry.

You visited 1 branch of the dungeon, and saw 3 of its levels.

You collected 142 gold pieces.

Inventory:

Hand weapons
 a - a +0 falchion of chaos
 x - a +0 scimitar (weapon)
Missiles
 t - 15 poisoned needles
Armour
 b - a +2 leather armour (worn)
 q - a +0 pair of gloves (worn)
Jewellery
 u - an uncursed ring of fire
 y - a ring of protection from cold (left hand)
Magical devices
 g - a wand of fireball (3)
Scrolls
 d - 3 scrolls of enchant weapon {unknown}
 e - a scroll of remove curse {unknown}
 i - 2 scrolls of identify {unknown}
 j - 2 scrolls of enchant armour {unknown}
 m - a scroll of magic mapping {unknown}
 o - a scroll of fog {unknown}
 p - 3 scrolls of recharging {unknown}
 s - a scroll of random uselessness {unknown}
 v - 2 scrolls of blinking {unknown}
Potions
 f - 4 potions of curing {unknown}
 h - 2 potions of haste {unknown}
 k - 2 potions of heal wounds {unknown}
 l - 2 potions of resistance {unknown}
 n - a potion of magic {unknown}
 r - a potion of brilliance {unknown}
 w - 3 potions of flight {unknown}
Comestibles
 c - 3 bread rations


   Skills:
 - Level 4.0 Fighting
 + Level 4.4 Long Blades
 - Level 1.7 Armour
 - Level 0.8 Dodging


You had 3 spell levels left.
You didn't know any spells.

Dungeon Overview and Level Annotations

Branches:
Dungeon (3/15)

Altars:

Annotations:
D:3 Crazy Yiuf


Innate Abilities, Weirdness & Mutations

You are mostly covered in iridescent scales (AC +6).
You are partially covered in sharp spines.


Message History

"See what I see, my child!"
You detect nothing.
Crazy Yiuf zaps a wand.
You resist with some effort.
You closely miss Crazy Yiuf.
Crazy Yiuf is moderately wounded.
Crazy Yiuf zaps a wand.
You resist with some effort. Crazy Yiuf hits you but does no damage.
You closely miss Crazy Yiuf.
Crazy Yiuf is moderately wounded.
Crazy Yiuf hits you with a quarterstaff of chaos!
Crazy Yiuf draws strength from your injuries!
You barely miss Crazy Yiuf.
Crazy Yiuf zaps a wand.
You feel yourself slow down.
You hit Crazy Yiuf.
Crazy Yiuf is lightly wounded.
Crazy Yiuf is struck by your spines.
Crazy Yiuf hits you with a quarterstaff of chaos.
* * * LOW HITPOINT WARNING * * *
You are electrocuted!
You die...
Xom titters!

#####
#..)#
########
#...#
#......#
#.g.#
######.#
#@#
####.#
##.#
###....#
#.##
#......#
##.#
###....#
#.##
#..†.#
##.##
#..###
#...##
#..###
########
#..#.#
#....#
........
##..##
#.##.#


You could see Crazy Yiuf.

Vanquished Creatures
  7 adders
  3 worms (D:2)
  2 giant geckos
  8 bats
  3 giant cockroaches (D:2)
  3 goblins
  5 hobgoblins
  3 jackals (D:1)
  6 kobolds
  2 quokkas (D:2)
  6 giant newts
  8 rats
56 creatures vanquished.

Notes
Turn   | Place    | Note
--------------------------------------------------------------
     0 | D:1      | Monkaria the Demonspawn Chaos Knight began the quest for the Orb.
     0 | D:1      | Reached XP level 1. HP: 18/18 MP: 1/1
   103 | D:1      | XOM: potion effect (brilliance)
   117 | D:1      | Gained mutation: You are partially covered in sharp spines. [demonic ancestry]
   117 | D:1      | Reached XP level 2. HP: 10/24 MP: 2/2
   146 | D:1      | XOM: harmless Divn miscast
   222 | D:1      | XOM: mild Chrm miscast
   480 | D:1      | Reached skill level 4 in Fighting
   818 | D:2      | Gained mutation: You are partially covered in iridescent scales (AC +4). [demonic ancestry]
   818 | D:2      | Reached XP level 3. HP: 30/30 MP: 3/3
   866 | D:2      | XOM: potion effect (invisibility)
   977 | D:2      | Gained mutation: You are mostly covered in iridescent scales (AC +6). [demonic ancestry]
   977 | D:2      | Reached XP level 4. HP: 20/37 MP: 4/4
  1084 | D:2      | XOM: divination: detect creatures
  1242 | D:2      | XOM: silly message
  1248 | D:2      | XOM: divination: detect creatures
  1252 | D:2      | XOM: divination: magic mapping
  1467 | D:2      | XOM: silly message
  1643 | D:3      | XOM: harmless Erth miscast
  1760 | D:3      | XOM: divination: detect creatures
  1982 | D:3      | XOM: divination: detect creatures
  2006 | D:3      | Noticed Crazy Yiuf
  2011 | D:3      | XOM: divination: detect creatures
  2015 | D:3      | Mangled by Crazy Yiuf

Vault maps used:
D:1:      minmay_arrival_widening_spiral_wide
D:2:      serial_corexii_hall, corexii_hall_statues_l, corexii_hall_statues_i,
          first_bread, minmay_ruptured
D:3:      uniq_crazy_yiuf_cottage

Action                   |  1- 3 |  4- 6 || total
-------------------------+-------+-------++-------
Melee: Falchion          |    72 |    21 ||    93
       Scimitar          |       |    14 ||    14
 Stab: Sleeping          |     2 |       ||     2
       Invisible         |     1 |       ||     1
  Eat: Chunk             |     1 |     2 ||     3
